 Dungeon Sprint DCSS version 0.29-a0-194-g6e3aafee17 (webtiles) character file.

Game seed: 1271900332252336178

331 Zeldest the Grappler (level 6, -2/38 HPs)
             Began as a Vine Stalker Transmuter on Feb 22, 2022.
             Was an Initiate of Cheibriados.
             Slain by an unseen horror (4 damage)
             ... in the Dungeon (Sprint IX: "|||||||||||||||||||||||||||||").
             The game lasted 00:01:42 (156 turns).

Zeldest the Grappler (Vine Stalker Transmuter)       Turns: 156, Time: 00:01:43

Health: -2/38      AC:  9    Str: 16    XL:     6   Next: 51%
Magic:  0/10       EV: 10    Int: 14    God:    Cheibriados [......]
Gold:   0          SH:  0    Dex: 21    Spells: 6/9 levels left

rFire   . . .      SeeInvis .     - Unarmed
rCold   . . .      Faith    .   (no shield)
rNeg    . . .      Spirit   +   j - +1 scale mail
rPois   .          Reflect  .   (helmet currently unavailable)
rElec   .          Harm     .   i - +0 cloak
rCorr   .          Rampage  .   h - +0 pair of gloves
Will    .....      NoTele   +   (boots currently unavailable)
Stlth   ..........              (no amulet)
HPRegen 0.92/turn               k - +3 ring of dexterity
MPRegen 0.12/turn               l - +3 ring of dexterity

@: appendages, slowed, very slow
A: horns 2, talons 2, fangs 2, regeneration 1, magic shield, antimagic bite, no
potion heal 2
a: End Transformation, Renounce Religion


You were in the Dungeon.
You worshipped Cheibriados.
Cheibriados was noncommittal.
You had temporarily grown beastly horns and talons.
You visited 1 branch

Inventory:

Armour
 a - a +0 robe
 h - a +0 pair of gloves (worn)
 i - a +0 cloak (worn)
 j - a +1 scale mail (worn)
Jewellery
 k - a +3 ring of dexterity (left hand)
 l - a +3 ring of dexterity (right hand)
Wands
 g - a wand of iceblast (8)
Scrolls
 e - 2 scrolls of amnesia
Potions
 b - 5 potions of curing
 c - a potion of invisibility
 d - 2 potions of magic


   Skills:
 + Level 7.0 Fighting
 - Level 1.5 Dodging
 + Level 8.3 Unarmed Combat
 - Level 2.1 Spellcasting
 + Level 8.0 Transmutations


You had 6 spell levels left.
You knew the following spells:

 Your Spells              Type           Power      Damage    Failure   Level
a - Beastly Appendage     Tmut           46%        N/A       3%          1
b - Wereblood             Tmut           23%        N/A       4%          2

Your spell library contained the following spells:

 Spells                   Type           Power      Damage    Failure   Level
 Spider Form              Tmut/Pois      12%        N/A       45%         3
 Ice Form                 Ice/Tmut       12%        N/A       86%         4


Dungeon Overview and Level Annotations

Branches:
Dungeon (1/1)

Altars:
Cheibriados
Dithmenos
Elyvilon
Fedhas
Gozag
Hepliaklqana
Kikubaaqudgha
Makhleb
Nemelex Xobeh
Okawaru
Qazlal
Ru
Sif Muna
Trog
Uskayaw
Vehumet
Wu Jian
Xom
Yredelemnul
Zin
The Shining One
Beogh
Jiyva
Lugonu


Innate Abilities, Weirdness & Mutations

You have temporarily grown beastly horns and talons.
You have extremely sharp teeth.
Your natural rate of healing is unusually fast.
When hurt, damage is shared between your health and your magic reserves.
Your bite disrupts and absorbs the magic of your enemies.
Potions cannot restore your health.


Message History

You barely miss something. Your kick misses something. Something hits you.
* * * LOW HITPOINT WARNING * * *
Something hits you but does no damage. Something hits you.
* * * LOW HITPOINT WARNING * * *
You miss something. Your bite misses something.
Something hits you but does no damage. Something hits you.
* * * LOW HITPOINT WARNING * * *
You hit something. Something hits you but does no damage. Something hits you.
* * * LOW HITPOINT WARNING * * *
You hit something. Your kick misses something. Your headbutt misses something.
Your punch misses something. Something hits you.
* * * LOW HITPOINT WARNING * * *
Something hits you.
* * * LOW HITPOINT WARNING * * *
Something hits you but does no damage. Magic courses through your body.
Something hits you but does no damage. Something hits you.
* * * LOW HITPOINT WARNING * * *
Okay, then.
Blink to where?
Press: ? - help, Dir - move target
As you read the scroll of blinking, it crumbles to dust.
Aiming: Iceblast
Press: ? - help, Shift-Dir - straight line, f - killer bee
Aim: a killer bee The mass of ice explodes!
The iceblast engulfs something!
The iceblast engulfs you.
* * * LOW HITPOINT WARNING * * *
Something hits you but does no damage. x2
Blink to where?
Press: ? - help, Dir - move target, p - killer bee
As you read the scroll of blinking, it crumbles to dust.
Aiming: Iceblast
Press: ? - help, Shift-Dir - straight line, f - killer bee
Aim: a killer bee The mass of ice explodes!
The iceblast engulfs something!
The iceblast engulfs you!
* * * LOW HITPOINT WARNING * * *
Something hits you.
You die...

▓_▓
▓_▓
▓_▓
▓_▓
▓_▓
▓_▓
▓_▓
▓_▓
▓@▓
▓'▓
▓!▓
▓.▓
▓y▓
▓y▓
▓.▓
▓.▓
▓.▓


You could see a vampire mosquito and a killer bee.

Vanquished Creatures
  A wraith (D)
  A centaur (D)
  A scorpion (D)
  An iguana (D)
  An adder (D)
  A white imp (D)
  A worm (D)
  A giant cockroach (D)
  A hobgoblin (D)
  A quokka (D)
  2 frilled lizards (D)
12 creatures vanquished.

Notes
Turn   | Place    | Note
-------+----------+-------------------------------------------
     0 | D        | Zeldest the Vine Stalker Transmuter began the quest for the
                  | Orb.
     0 | D        | Reached XP level 1. HP: 9/9 MP: 4/4
     7 | D        | Reached skill level 1 in Fighting
    21 | D        | Noticed an iguana
    21 | D        | Noticed a scorpion
    28 | D        | Killed an iguana
    29 | D        | Reached XP level 2. HP: 5/16 MP: 3/6
    29 | D        | Reached XP level 3. HP: 6/20 MP: 3/7
    35 | D        | Killed a scorpion
    36 | D        | Reached skill level 5 in Unarmed Combat
    36 | D        | Reached skill level 5 in Transmutations
    36 | D        | Gained mutation: Your natural rate of healing is unusually
                  | fast. [Vine Stalker growth]
    36 | D        | Reached XP level 4. HP: 4/26 MP: 2/8
    52 | D        | Found a snail-covered altar of Cheibriados.
    52 | D        | Found a shadowy altar of Dithmenos.
    52 | D        | Found a white marble altar of Elyvilon.
    52 | D        | Found a blossoming altar of Fedhas.
    52 | D        | Found an opulent altar of Gozag.
    53 | D        | Found a hazy altar of Hepliaklqana.
    54 | D        | Found a viscous altar of Jiyva.
    55 | D        | Found an ancient bone altar of Kikubaaqudgha.
    56 | D        | Became a worshipper of Cheibriados the Contemplative
    60 | D        | Learned a level 2 spell: Wereblood
    60 | D        | Found a corrupted altar of Lugonu.
    61 | D        | Found a burning altar of Makhleb.
    62 | D        | Found a sparkling altar of Nemelex Xobeh.
    63 | D        | Found an iron altar of Okawaru.
    64 | D        | Found a stormy altar of Qazlal.
    65 | D        | Found a sacrificial altar of Ru.
    66 | D        | Found a shimmering blue altar of Sif Muna.
    67 | D        | Found a bloodstained altar of Trog.
    68 | D        | Found a hide-covered altar of Uskayaw.
    69 | D        | Found a radiant altar of Vehumet.
    70 | D        | Found an ornate altar of the Wu Jian Council.
    71 | D        | Found a shimmering altar of Xom.
    72 | D        | Found a basalt altar of Yredelemnul.
    73 | D        | Found a glowing silver altar of Zin.
    74 | D        | Found a glowing golden altar of the Shining One.
   122 | D        | Noticed a wraith
   122 | D        | Noticed a centaur
   122 | D        | Noticed a vampire mosquito
   142 | D        | Killed a wraith
   143 | D        | Reached XP level 5. HP: 18/32 MP: 5/9
   143 | D        | Reached XP level 6. HP: 21/37 MP: 5/10
   151 | D        | HP: 1/38 [something (2)]
   156 | D        | HP: 1/38 [shot self (4)]
   156 | D        | Slain by an unseen horror

Illustrated notes

Levels and vault maps discovered:
D:        linesprint [early_d, line_temple, items_1, d_10, items_2, lair_1,
          lair_end, items_3, orc_1, orc_end, items_4, d_15, swamp_1, shoals_1,
          snake_1, spider_1, d_20, vaults_1, items_5, swamp_end, shoals_end,
          snake_end, spider_end, vaults_end, d_27, items_6, zot_1, zot_end,
          crypt_end, forest_end, elf_end, slime_end, tomb_end, abyss_end,
          pan_hell_end]

Skill      XL: |  1  2  3  4  5  6 |
---------------+-------------------+-----
Fighting       | 3 4 6 7 |  7.0
Unarmed Combat | 4 5 7 8 |  8.3
Transmutations | 3 5 7 8 |  8.0
Dodging        | |  1.5
Spellcasting   | |  2.1

Action                   |  1- 3 |  4- 6 || total
-------------------------+-------+-------++-------
Melee: Unarmed           |    19 |    36 ||    55
       Bite              |     4 |    11 ||    15
       Headbutt          |     2 |     5 ||     7
       Kick              |     1 |     5 ||     6
       Punch             |       |     1 ||     1
 Cast: Beastly Appendage |     2 |     2 ||     4
       Wereblood         |       |     1 ||     1
Evoke: Wand              |       |     2 ||     2
  Use: Potion            |     2 |     2 ||     4
       Scroll            |       |     2 ||     2
 Stab: Sleeping          |     1 |       ||     1
Armor: Robe              |     3 |     1 ||     4
       Scale mail        |       |    19 ||    19
Dodge: Dodged            |     5 |    12 ||    17

Table legend: (Time is in decaauts)
 A = Elapsed time spent in this place.
 B = Non-inter-level travel time spent in this place.
 C = Inter-level travel time spent in this place.
 D = Time resting spent in this place.
 E = Time spent auto-exploring this place.
 F = Levels seen in this place.
 G = Mean time per level.
                   A        B        C        D        E       F      G
               +--------+--------+--------+--------+--------+-----+--------+
         Total |    162 |    162 |      0 |      0 |      0 |   1 |  162.0 |
       Dungeon |    162 |    162 |      0 |      0 |      0 |   1 |  162.0 |
               +--------+--------+--------+--------+--------+-----+--------+

Top non-repeatable levels by time:
       D: 162 daAuts
